 Dungeon Crawl Stone Soup version 0.28.0 (webtiles) character file.

Game seed: 9626276690223165196

350 DasRunzen the Magician (level 6, 0/45 HPs)
             Began as a Djinni Fire Elementalist on Feb 11, 2022.
             Slain by Pikel (2 damage)
             ... on level 4 of the Dungeon.
             The game lasted 00:07:06 (4355 turns).

DasRunzen the Magician (Djinni Fire Elementalist)   Turns: 4355, Time: 00:07:07

Health: 0/45       AC:  3    Str:  7    XL:     6   Next: 92%
Gold:   224        EV: 13    Int: 25    God:
                   SH:  0    Dex: 13

rFire   + + .      SeeInvis +   (no weapon)
rCold   x . .      Faith    .   (no shield)
rNeg    . . .      Spirit   .   a - +0 robe
rPois   ∞          Reflect  .   (no helmet)
rElec   .          Harm     .   (no cloak)
rCorr   .          Rampage  .   e - +0 pair of gloves
Will    .....                   (boots unavailable)
Stlth   ++........              (no amulet)
HPRegen 0.15/turn               d - +6 ring of intelligence
MPRegen 0.00/turn               f - ring of see invisible

@: flying
A: sickness immunity, fire resistance 2, cold vulnerability 1, float, innate
caster, HP casting, extra vitality 1
a: no special abilities


You were on level 4 of the Dungeon.
You visited 1 branch of the dungeon, and saw 4 of its levels.

You collected 224 gold pieces.

Inventory:

Armour
 a - a +0 robe (worn)
 e - a +0 pair of gloves (worn)
Jewellery
 d - a +6 ring of intelligence (left hand)
 f - a ring of see invisible (right hand)
Scrolls
 h - 2 scrolls of enchant armour {unknown}
 l - 2 scrolls of amnesia {unknown}
Potions
 b - a potion of curing
 c - a potion of invisibility {unknown}
 g - a potion of flight {unknown}
 i - a potion of mutation {unknown}
 j - 2 potions of brilliance {unknown}
 k - a potion of haste {unknown}


   Skills:
 + Level 2.5 Fighting
 + Level 2.5 Armour
 + Level 3.8 Dodging
 - Level 1.5 Stealth
 * Level 4.0 Spellcasting


You couldn't memorise any spells.
You knew the following spells:

 Your Spells              Type           Power      Damage    Failure   Level
a - Foxfire               Conj/Fire      100%       2x1d9     1%          1
b - Scorch                Fire           50%        2d8       2%          2
c - Conjure Flame         Conj/Fire      25%        6-21      5%          3
d - Inner Flame           Hex/Fire       25%        N/A       5%          3
e - Flame Wave            Conj/Fire      25%        2d7       17%         4
f - Freeze                Ice            100%       1d11      1%          1
g - Call Imp              Summ           25%        N/A       2%          2
Your spell library was empty.

Dungeon Overview and Level Annotations

Branches:
Dungeon (4/15)
 Temple: D:4-7

Altars:

Shops:
D:3 (

Annotations:
D:4 Pikel


Innate Abilities, Weirdness & Mutations

You are immune to sickness and miasma.
You are immune to poison.
Your flesh is very heat resistant. (rF++)
You are vulnerable to cold. (rC-)
You float through the air rather than walking.
You learn spells naturally, not from books.
Your magical power is your life essence.
You have superior vitality. (+4 MHP)


Message History

Pikel is moderately wounded.
Pikel hits you with a +0 whip of freezing.
Pikel freezes you.
You conjure some foxfire!
The foxfire hits Pikel but does no damage.
Pikel is moderately wounded.
The foxfire hits Pikel but does no damage.
Pikel is moderately wounded.
Pikel hits you with a +0 whip of freezing!
Pikel freezes you.
You conjure some foxfire!
The foxfire hits Pikel.
Pikel is heavily wounded.
The foxfire hits Pikel.
Pikel is heavily wounded.
Pikel hits you with a +0 whip of freezing!
Pikel freezes you!
* * * LOW HITPOINT WARNING * * *
The foxfire hits Pikel.
Pikel is heavily wounded.
The foxfire hits Pikel.
Pikel is heavily wounded.
Pikel says, "Hell isn't that bad."
Okay, then.
You feel better. Pikel misses you.
Casting: Foxfire (safe; 1% risk of failure)
Confirm with . or Enter, or press ? or * to list all spells.
Flames lash Pikel.
Pikel is almost dead.
Pikel's fire resistance burns away.
* * * LOW HITPOINT WARNING * * *
Pikel hits you with a +0 whip of freezing!
* * * LOW HITPOINT WARNING * * *
Pikel freezes you.
* * * LOW HITPOINT WARNING * * *
Casting: Scorch (safe; 2% risk of failure)
Confirm with . or Enter, or press ? or * to list all spells.
Flames lash Pikel but do no damage.
* * * LOW HITPOINT WARNING * * *
Pikel hits you with a +0 whip of freezing.
You die...

..............................###
..............#.....#.........#
.............##..###..........#
...........####...##.........##
...........#####.............#
###.......###.....#.........## #
###......#..)#####.....#..##
###..............###.#...##..#
#...............@K......###..##
#....[....##..#.##.....####...#
..#.......#...#.......## #...##
.>##.........##.......####..##
.###.5.##...###.........##..#
......<###...##.........##..###
...##..#.#......(........##...#
#.............>...........(.###
#......#.#...............####


You could see Pikel (combustible).

Vanquished Creatures
  Eustachio (D:4)
  A phantom (D:3)
  4 lemures
  2 orc wizards (D:3)
  An adder (D:4)
  3 worms
  3 dart slugs
  6 orcs (D:3)
  4 ball pythons
  5 endoplasms
  8 goblins
  3 hobgoblins
  5 quokkas
  4 bats (D:1)
  2 frilled lizards
  5 kobolds
  4 rats
61 creatures vanquished.

Vanquished Creatures (others)
  284 foxfires
284 creatures vanquished.

Grand Total: 345 creatures vanquished

Notes
Turn   | Place    | Note
-------+----------+-------------------------------------------
     0 | D:1      | DasRunzen the Djinni Fire Elementalist began the quest for
                  | the Orb.
     0 | D:1      | Reached XP level 1. HP: 15/15 MP: 0/0
   302 | D:1      | Reached XP level 2. HP: 16/22 MP: 0/0
  1106 | D:2      | Reached XP level 3. HP: 24/26 MP: 0/0
  1106 | D:2      | Learned a level 1 spell: Freeze
  1311 | D:2      | Found a faded altar of an unknown god.
  1318 | D:2      | Reached skill level 1 in Fighting
  1417 | D:2      | Reached skill level 1 in Armour
  1922 | D:3      | Reached skill level 3 in Spellcasting
  1922 | D:3      | Reached XP level 4. HP: 11/32 MP: 0/0
  2235 | D:3      | Noticed an orc warrior
  2687 | D:3      | Reached XP level 5. HP: 33/37 MP: 0/0
  2687 | D:3      | Learned a level 2 spell: Call Imp
  3315 | D:3      | Noticed a phantom
  3321 | D:3      | Killed a phantom
  3322 | D:3      | Reached XP level 6. HP: 23/43 MP: 0/0
  3478 | D:3      | Found Ponun's Antique Weapon Boutique.
  3967 | D:4      | Noticed Eustachio
  3974 | D:4      | Killed Eustachio
  3975 | D:4      | Reached skill level 4 in Spellcasting
  3982 | D:4      | Noticed Pikel
  4355 | D:4      | Slain by Pikel

Illustrated notes

Levels and vault maps discovered:
D:1:      dpeg_arrival_line_fractal, layout_rooms, minmay_3d_cube
D:2:      layout_basic, hellmonk_ecumenical_altar_lost_god
D:3:      layout_basic, serial_shops, nicolae_shop_hallway_stairs,
          hangedman_decor_push
D:4:      layout_cave_pools, uniq_crazy_yiuf_cottage, uniq_pikel, uniq_eustachio

Skill      XL: |  1  2  3  4  5  6 |
---------------+-------------------+-----
Fighting       | 1 2 |  2.5
Armour         | 1 2 |  2.5
Spellcasting   | 3 4 |  4.0
Dodging        | 3 |  3.8
Stealth        | |  1.5

Action                   |  1- 3 |  4- 6 || total
-------------------------+-------+-------++-------
 Cast: Foxfire           |    78 |    97 ||   175
       Freeze            |       |     2 ||     2
       Scorch            |       |     3 ||     3
  Use: Scroll            |     2 |     2 ||     4
       Potion            |       |     1 ||     1
Armor: Robe              |     4 |       ||     4
Dodge: Dodged            |     5 |     5 ||    10
